 Dungeon Sprint DCSS version 0.21-a0-471-gd587bd5 (webtiles) character file.

24698 esteth the Fencer (level 12, 0/125 (127) HPs)
             Began as a Minotaur Fighter on Nov 21, 2017.
             Was the Champion of Qazlal.
             Killed by vampiric draining
             ... invoked by a vampire mage
              (19 damage)
             ... in the Dungeon (Sprint V: "Ziggurat Sprint").
             The game lasted 00:12:07 (1171 turns).

esteth the Fencer (Minotaur Fighter)                Turns: 1171, Time: 00:12:08

HP:   0/125 (127)   AC: 27    Str: 30    XL:     12   Next: 83%
MP:   19/22         EV:  9    Int:  5    God:    Qazlal [******]
Gold: 0             SH: 24    Dex: 14    Spells: 11/11 levels left

rFire    . . .     SeeInvis .   I - +7 Screaming Sword
rCold    + . .     Gourm    .   L - +3 shield
rNeg     . . .     Faith    .   M - +5 crystal plate armour
rPois    +         Spirit   .   (helmet restricted)
rElec    .         Reflect  +   Z - +0 cloak {rPois}
rCorr    .         Harm     .   (no gloves)
MR       .....     NoTele   +   (no boots)
Stlth    ..........             X - amulet of the Dolphin {Reflect rC+ Str-4 Slay+2 SH+3}
HPRegen  0.30/turn              C - +6 ring of strength
MPRegen  0.18/turn              D - +6 ring of strength

@: hasted, studying Throwing, drained, repel missiles, very quick
A: retaliatory headbutt, horns 2
a: Upheaval, Elemental Force, Disaster Area, Renounce Religion


You were in the Dungeon.
You worshipped Qazlal.
Qazlal was exalted by your worship.
You were not hungry.

You visited 1 branch

Inventory:

Hand Weapons
 a - the +5 pair of quick blades "Gyre" and "Gimble" {pierce, Dex-3}
   (You took it off an iron imp in the Dungeon)

   It inflicts extra damage upon your enemies.
   It affects your dexterity (-3).
 z - a +6 blowgun
 I - the +7 Screaming Sword (weapon)
   (You found it in the Dungeon)
 J - a +5 executioner's axe
 K - a +5 battleaxe
Armour
 L - a +3 shield (worn)
 M - a +5 crystal plate armour (worn)
 Z - a +0 cloak of poison resistance (worn)
Jewellery
 b - a +3 ring of dexterity
 y - an uncursed ring of wizardry
 C - a +6 ring of strength (left hand)
 D - a +6 ring of strength (right hand)
 R - a +2 ring of slaying
 T - an uncursed ring of protection from fire
 W - an uncursed ring of protection from fire
 X - the amulet of the Dolphin (around neck) {Reflect rC+ Str-4 Slay+2 SH+3}
   (You found it in the Dungeon)

   [amulet of reflection]

   It shields you and reflects attacks.
   It affects your strength (-4).
   It affects your accuracy and damage with ranged weapons and melee attacks
   (+2).
   It protects you from cold.
   It affects your SH (+3).
Wands
 E - a wand of disintegration (7)
 F - a wand of iceblast (7)
 G - a wand of acid (7)
Scrolls
 k - 4 scrolls of blinking
 q - 4 scrolls of amnesia
 r - 8 scrolls of fog
 s - a scroll of holy word
 t - 5 scrolls of identify
 u - 5 scrolls of remove curse
 v - 2 scrolls of fear
 U - a scroll of acquirement
Potions
 d - 7 potions of might
 e - 10 potions of curing
 g - 7 potions of heal wounds
 h - 4 potions of haste
 i - 7 potions of magic
 j - 3 potions of berserk rage
 l - 2 potions of brilliance
 m - a potion of invisibility
 n - 4 potions of resistance
 p - 5 potions of agility
Books
 c - a manual of Throwing
 O - the Volume of the Voyage and Companions
   (You found it in the Dungeon)

   Spells                             Type                      Level
   a - Teleport Other                 Translocation                3
   b - Summon Mana Viper              Hexes/Summoning              5
   c - Aura of Abjuration             Summoning                    5
   d - Summon Hydra                   Summoning                    7
 P - Sif Muna's Almanac of Ghastly Combat Magic
   (You found it in the Dungeon)

   Spells                             Type                      Level
   a - Magic Dart                     Conjuration                  1
   b - Sting                          Conjuration/Poison           1
   c - Throw Flame                    Conjuration/Fire             2
   d - Sublimation of Blood           Necromancy                   2
   e - Stone Arrow                    Conjuration/Earth            3
   f - Sticky Flame                   Conjuration/Fire             4
   g - Lightning Bolt                 Conjuration/Air              5
 Q - the Handbook of the Voyage
   (You found it in the Dungeon)

   Spells                             Type                      Level
   a - Portal Projectile              Hexes/Translocation          3
   b - Teleport Other                 Translocation                3
   c - Disjunction                    Translocation                8
Miscellaneous
 N - a fan of gales
 Y - 3 phantom mirrors
Comestibles
 f - 5 bread rations
 w - 37 fruits
 x - 4 meat rations


   Skills:
 + Level 18.0(17.2) Fighting
 + Level 19.3(18.4) Long Blades
 - Level 2.4(1.8) Axes
 + Level 12.3(11.6) Armour
 + Level 10.9(10.2) Dodging
 - Level 3.6(3.0) Shields
 + Level 14.8(14.0) Invocations


You had 11 spell levels left.
You didn't know any spells.

Dungeon Overview and Level Annotations

Branches:
Dungeon (1/1)

Altars:
Ashenzari
Cheibriados
Dithmenos
Elyvilon
Fedhas
Gozag
Hepliaklqana
Kikubaaqudgha
Makhleb
Nemelex Xobeh
Okawaru
Qazlal
Ru
Sif Muna
Trog
Uskayaw
Vehumet
Wu Jian
Xom
Yredelemnul
Zin
The Shining One
Beogh
Jiyva
Lugonu


Innate Abilities, Weirdness & Mutations

You reflexively headbutt those who attack you in melee.
You have a pair of horns on your head.


Message History

The bolt of negative energy hits you!
You feel drained.
* * * LOW HITPOINT WARNING * * *
The bolt of negative energy hits the phantasmal warrior.
The phantasmal warrior completely resists.
The phantasmal warrior hits you!
* * * LOW HITPOINT WARNING * * *
The necromancer casts a spell at you. The bolt of fire misses you.
You slash the vampire mage!
The vampire mage is almost destroyed.
The Screaming Sword thunders like a enraged frog.
The monsters around you reel from the noise!
The vampire mage mumbles some strange words.
The vampire mage flickers and vanishes!
The phantasmal warrior hits you but does no damage.
The necromancer hits you but does no damage.
You feel yourself speed up.
The vampire knight is engulfed in freezing vapours.
Unholy energy fills the air.
You die...

▓....)?}:...▓...8©8..
▓...........▓..[=})[.
...........▓....)}..
..........▓........
...†.... ▓....)... ▓
.....▓ ▓...))... ▓.
▓▓zV.▓▓ ▓.....)..
▓..▓npp..▓..▓.▓.....▓
▓Wz{@WV.....▓....©...
▓▓▓▓▓▓▓▓▓▓▓▓▓▓▓▓▓▓▓▓▓
▓...8©8...▓...8©8...▓
▓..})|))).▓...)[....▓
▓...::):..▓..:))}...▓
▓.........▓.........▓
▓.........▓.........▓
▓.........▓.........▓
▓.........▓..|......▓


You could see a ghoul, a vampire knight, 2 phantasmal warriors, 2 necromancers,
a vampire, a flying skull and a wight.

Vanquished Creatures
  An acid blob (D)
  An azure jelly (D)
  A black draconian (D)
  A yellow draconian (D)
  2 mummy priests (D)
  A great orb of eyes (D)
  A death scarab (D)
  2 thrashing horrors (D)
  A sixfirhy (D)
  A glowing orange brain (D)
  4 draconians (D)
  A shining eye (D)
  2 guardian mummies (D)
  A raiju (D)
  4 slime creatures (D)
  A shadow (D)
  2 air elementals (D)
  2 ushabtiu (D)
  A vampire (D)
  2 steam dragons (D)
  A golden eye (shapeshifter) (D)
  An insubstantial wisp (D)
  5 nagas (D)
  A water moccasin (D)
  A hell hound (D)
  A swamp drake (D)
  A necrophage (D)
  2 crimson imps (D)
  3 quasits (D)
  A jelly (D)
  2 iron imps (D)
  6 mummies (D)
  A shadow imp (D)
  2 white imps (D)
  4 ufetubi (D)
  An adder skeleton (D)
  An adder zombie (D)
  4 ball pythons (D)
  2 bat skeletons (D)
  A bat zombie (D)
  A giant cockroach zombie (D)
  A jackal skeleton (D)
75 creatures vanquished.

Vanquished Creatures (others)
  A rime drake (D)
  3 insubstantial wisps (D)
4 creatures vanquished.

Grand Total: 79 creatures vanquished

Notes
Turn   | Place    | Note
-------+----------+-------------------------------------------
     0 | D        | Found the +6 Majin-Bo {vamp, Archmagi MP+6 Int+6}
     0 | D        | Found the +7 great mace "Firestarter" {inner flame, rF++}
     0 | D        | esteth the Minotaur Fighter began the quest for the Orb.
     0 | D        | Reached XP level 1. HP: 19/19 MP: 0/0
     0 | D        | Found a blossoming altar of Fedhas.
     1 | D        | Found a deep blue altar of Sif Muna.
     1 | D        | Found a sacrificial altar of Ru.
     1 | D        | Found a bloodstained altar of Trog.
     1 | D        | Found a stormy altar of Qazlal.
     1 | D        | Found an iron altar of Okawaru.
     1 | D        | Found a sparkling altar of Nemelex Xobeh.
     3 | D        | Found a transporter.
     3 | D        | Found an ancient bone altar of Kikubaaqudgha.
     3 | D        | Found a viscous altar of Jiyva.
     3 | D        | Found a corrupted altar of Lugonu.
     3 | D        | Found a hazy altar of Hepliaklqana.
     3 | D        | Found a burning altar of Makhleb.
     3 | D        | Found an opulent altar of Gozag.
    27 | D        | Found the +9 heavy crossbow "Sniper" {velocity, Acc+∞ SInv}
    27 | D        | Found the +10 dark maul {crush}
    27 | D        | Found the +15 Maxwell's patent armour {-Cast -Tele rElec MR+ rCorr}
    27 | D        | Found the +18 shield of the Gong {rElec rN+ MR+ EV-5}
    27 | D        | Found the cursed +14 obsidian axe {chop, +Fly SInv *Curse}
    28 | D        | Found the +6 shillelagh "Devastator" {shatter}
    28 | D        | Found the +11 plutonium sword {*Contam Stlth-}
    28 | D        | Found the +8 lance "Wyrmbane" {slay drac, rPois rF+ rC+ AC+3}
    28 | D        | Found the +9 sword of Zonguldrok {reap}
    28 | D        | Found the cursed +13 scythe of Curses {drain, *Curse}
    28 | D        | Found the +0 sword of Power
    28 | D        | Found the +1 mace of Variability {chaos}
    28 | D        | Found the +7 Singing Sword
    28 | D        | Found the +7 longbow "Piercer" {penet, EV-2}
    61 | D        | Became a worshipper of Qazlal Stormbringer
   113 | D        | Entered arena 2.
   113 | D        | Noticed a naga
   113 | D        | Found a transporter.
   115 | D        | Reached skill level 1 in Long Blades
   119 | D        | Killed a naga
   119 | D        | Reached skill level 7 in Long Blades
   119 | D        | Reached XP level 2. HP: 27/36 MP: 1/1
   119 | D        | Reached XP level 3. HP: 31/41 MP: 2/2
   119 | D        | Reached XP level 4. HP: 37/49 MP: 3/3
   233 | D        | Entered arena 3.
   233 | D        | Found a transporter.
   238 | D        | Reached * piety under Qazlal
   240 | D        | Reached skill level 8 in Long Blades
   240 | D        | Reached XP level 5. HP: 52/57 MP: 4/4
   250 | D        | Identified the Volume of the Voyage and Companions (You found it in the Dungeon)
   252 | D        | Identified Sif Muna's Almanac of Ghastly Combat Magic (You found it in the Dungeon)
   257 | D        | Entered arena 4.
   257 | D        | Noticed a rime drake
   257 | D        | Noticed a steam dragon
   257 | D        | Noticed a swamp drake
   257 | D        | Noticed a steam dragon
   257 | D        | Found a transporter.
   265 | D        | Killed a rime drake
   265 | D        | Reached skill level 10 in Fighting
   265 | D        | Reached skill level 9 in Long Blades
   268 | D        | Killed a swamp drake
   268 | D        | Reached ** piety under Qazlal
   268 | D        | Reached skill level 10 in Long Blades
   268 | D        | Reached XP level 6. HP: 68/68 MP: 5/5
   274 | D        | Killed a steam dragon
   274 | D        | Reached skill level 11 in Long Blades
   280 | D        | Killed a steam dragon
   280 | D        | Reached skill level 12 in Long Blades
   280 | D        | Reached XP level 7. HP: 72/78 MP: 6/6
   300 | D        | Entered arena 5.
   300 | D        | Found a transporter.
   304 | D        | Reached *** piety under Qazlal
   319 | D        | Entered arena 6.
   319 | D        | Found a transporter.
   321 | D        | Reached **** piety under Qazlal
   321 | D        | Reached skill level 13 in Long Blades
   341 | D        | Entered arena 7.
   341 | D        | Noticed an air elemental
   341 | D        | Noticed an air elemental
   342 | D        | Found a transporter.
   345 | D        | Reached ***** piety under Qazlal
   346 | D        | Killed an air elemental
   346 | D        | Reached skill level 14 in Long Blades
   349 | D        | Killed an air elemental
   349 | D        | Reached XP level 8. HP: 60/90 MP: 7/7
   409 | D        | Entered arena 8.
   409 | D        | Noticed a draconian
   409 | D        | Noticed a draconian
   409 | D        | Noticed a draconian
   409 | D        | Noticed a draconian
   409 | D        | Noticed a yellow draconian
   409 | D        | Noticed a black draconian
   410 | D        | Found a transporter.
   416 | D        | Killed a draconian
   416 | D        | Reached skill level 15 in Long Blades
   425 | D        | Killed a yellow draconian
   425 | D        | Reached skill level 16 in Long Blades
   425 | D        | Reached XP level 9. HP: 55/96 MP: 7/14
   430 | D        | Killed a draconian
   430 | D        | Reached skill level 10 in Invocations
   435 | D        | Killed a draconian
   440 | D        | Killed a black draconian
   440 | D        | Reached XP level 10. HP: 64/104 MP: 9/18
   443 | D        | Killed a draconian
   517 | D        | Identified the Handbook of the Voyage (You found it in the Dungeon)
   519 | D        | Entered arena 9.
   519 | D        | Noticed a mummy priest
   520 | D        | Found a transporter.
   524 | D        | Reached ****** piety under Qazlal
   528 | D        | Killed a mummy priest
   528 | D        | Reached skill level 15 in Fighting
   528 | D        | Reached skill level 5 in Armour
   532 | D        | Reached skill level 17 in Long Blades
   688 | D        | Got the amulet of the Dolphin {Reflect rC+ Str-4 Slay+2 SH+3}
   697 | D        | Entered arena 10.
   698 | D        | Found the +3 salamander hide armour {+Rage rF++}
   698 | D        | Found a transporter.
   752 | D        | Entered arena 11.
   752 | D        | Noticed a sixfirhy
   752 | D        | Noticed a thrashing horror
   752 | D        | Noticed a thrashing horror
   756 | D        | Found a transporter.
   758 | D        | Reached skill level 5 in Dodging
   766 | D        | Killed a thrashing horror
   769 | D        | Killed a thrashing horror
   775 | D        | Killed a sixfirhy
   775 | D        | Reached XP level 11. HP: 57/112 MP: 20/20
   996 | D        | Entered arena 12.
   996 | D        | Noticed a death scarab
   998 | D        | Noticed a mummy priest
   999 | D        | Killed a death scarab
   999 | D        | Reached skill level 18 in Long Blades
  1003 | D        | Found a transporter.
  1010 | D        | Killed a mummy priest
  1010 | D        | Reached skill level 10 in Armour
  1035 | D        | Reached XP level 12. HP: 121/122 MP: 19/21
  1037 | D        | Entered arena 13.
  1037 | D        | Noticed an acid blob
  1038 | D        | Noticed a great orb of eyes
  1038 | D        | Noticed an azure jelly
  1040 | D        | Killed an azure jelly
  1041 | D        | Found a transporter.
  1045 | D        | Killed an acid blob
  1045 | D        | Reached skill level 10 in Dodging
  1046 | D        | Killed a great orb of eyes
  1046 | D        | Reached skill level 19 in Long Blades
  1159 | D        | Entered arena 14.
  1159 | D        | Noticed a vampire knight
  1160 | D        | Noticed a ghoul
  1165 | D        | Noticed a vampire mage
  1171 | D        | Killed from afar by a vampire mage

Vault maps used:
D:        sprint_v

Skill      XL: |  1  2  3  4  5  6  7  8  9 10 11 12 |
---------------+-------------------------------------+-----
Fighting       | 8 9 11 12 14 16 18 | 18.0
Long Blades    | 7 8 10 12 14 16 17 18 19 | 19.3
Invocations    | 8 13 14 | 14.8
Armour         | 8 10 12 | 12.3
Dodging        | 7 8 10 | 10.9
Axes           | |  2.4
Shields        | |  3.6

Action                   |  1- 3 |  4- 6 |  7- 9 | 10-12 || total
-------------------------+-------+-------+-------+-------++-------
Melee: Double sword      |     5 |    16 |    44 |    69 ||   134
       Headbutt          |       |     6 |    10 |    14 ||    30
Invok: Upheaval          |       |       |       |     5 ||     5
  Use: Potion            |       |     4 |     1 |     2 ||     7
 Stab: Invisible         |       |       |     2 |       ||     2
  Eat: Fruit             |       |       |       |     5 ||     5
Armor: Crystal plate arm |     2 |    26 |    22 |    60 ||   110
Dodge: Dodged            |       |     4 |     3 |    18 ||    25
       Deflected         |       |       |     1 |     1 ||     2
Block: Shield            |     3 |    26 |    38 |    64 ||   131
       Reflection        |       |       |       |     1 ||     1
       Rpst.: Double sword |       |     2 |       |       ||     2

Table legend:
 A = Spawn XP
 B = Non-spawn XP
 C = Spawn XP percentage of total XP
 D = Spawn monster count
 E = Non-spawn monster count
 F = Spawn count percentage of total count
 G = Total turns spent on level
                    A         B        C        D         E        F      G
               +---------+---------+-------+---------+---------+-------+---------
         Total |       0 |   22745 |   0.0 |       0 |      79 |   0.0 |  1171
               +---------+---------+-------+---------+---------+-------+---------
             D |       0 |   22745 |   0.0 |       0 |      79 |   0.0 |  1171
               +---------+---------+-------+---------+---------+-------+---------
